AoeStats
← bogelund

Northern Isles

510970651Analyzed
1v1 RM · 14h ago on Oct 3, 2026· 46m 51s· 2 players
Game mode
Random Map
Map size
Tiny (2 player)
Population
200
Speed
Normal
Resources
Standard
Victory
Conquest
Starting age
Dark Age
Ending age
Imperial Age
RankedLock teamsTeams togetherTeam positionsShared explorationLock speedFull tech treeHidden civsTurbo modeCheats
Victory
Defeat
🇷🇴 Vikings · Romania
530
+16
🇨🇴 Japanese · Colombia
526
-16
Nicoleitor8219
6:35 Loom
11:18 Feudal Age
17:01 Wheelbarrow
20:58 Castle Age
19:45 Double-Bit Axe
19:51 Fishing Lines
19:58 Horse Collar
20:26 Stone Mining
24:42 Gold Mining
24:23 Light Cavalry
26:22 Gold Shaft Mining
33:35 Imperial Age
31:00 Fletching
31:21 Forging
31:11 Scale Mail Armor
31:17 Scale Barding Armor
bogelund
2:07 Loom
12:11 Feudal Age
15:39 Double-Bit Axe
20:42 Castle Age
20:15 Gold Mining
20:16 Stone Mining
22:28 Bow Saw
22:41 Fletching
22:51 Padded Archer Armor
25:05 Gold Shaft Mining
25:31 Bodkin Arrow
25:52 Leather Archer Armor
28:33 Horse Collar
35:50 Imperial Age
35:05 Murder Holes
34:51 Treadmill Crane
35:33 Ballistics
37:36 Bogsveigar
39:24 Chemistry
38:36 Masonry
41:15 Elite Longship
42:29 Bracer
42:18 Arrowslits
46:39 Ring Archer Armor
Connection lost

Rejoining the realm…

Still unreachable

The connection could not be restored.

Session expired

The server has moved on; the page needs a fresh start.